Unix NetHack Version 5.0.0-0 post-release - last build May  4 2026 22:22:43 (774f63e81ad911689b3a0859ea89b322d5daca8d,branch:main).

Game began 2026-05-08 11:30:22, ended 2026-05-08 11:49:28.

31245981910, chaotic female human Monk

                                                           --------
                     --------                           ###.......|
     ------          |......|    -------------###########  |......|
     |....|          |.......#   |........>..|#            |...._.|
     |....|          |.....{|#   |............#            .......|
     |....|          |..)...|#   |...........|#            -.------
     |....-#        #-......|#   |...........|#             #
     ----.-#        #--------#   ----.--------#             #
         # #        ####     #       #      ###             #
         # #           #     #      ######### ###           ##
      #### #####       #   ##########   #@      #            ##
      #        #       #   ##------------u---   #  -----------|---
     ##        #  -----#   ##|..............|   #  |.............|
  ---.----     #  |...|#   ##...............|   #  |..{..........|
  |......|     ###..<.|##### |.{.............   ###|.............|
  |......|        |....#     |..............|  ####.............[|
  |......-#       -----      ----------------      ---------------
  |......|
  --------

31245981910 the Novice          St:12 Dx:12 Co:12 In:12 Wi:16 Ch:9  Chaotic
Dlvl:5  $:72 HP:0(29) Pw:27(27) AC:4  Xp:4 T:1937 

Latest messages:
 y - a potion of healing.
 What do you want to wear? [*] ?
 You cannot wear armor over a robe.
 Your little dog eats a gnome lord corpse.
 The iguana misses!
 You hit the iguana!
 The iguana misses!
 You kill the iguana!
 You see here an iguana corpse.
 You cannot drop something you are wearing.
 You drop a magic marker (0:19).
 What do you want to remove? [*] ?
 You were wearing an uncursed +1 robe.
 You drop an uncursed +1 robe.
 What do you want to wear? [x or ?*] x
 Your little dog eats an iguana corpse.
 You finish your dressing maneuver.
 What do you want to eat? [e-hnouv or ?*] v
 You resume your meal.
 You finish eating the food ration.
 You swap places with your little dog.
 Your armor is rather cumbersome...
 You miss the fog cloud.
 You miss the fog cloud.
 You miss the fog cloud.
 You miss the fog cloud.
 The fog cloud engulfs you!
 You are laden with moisture and can barely breathe!
 You are enveloped in a cloud of steam!
 You hit the fog cloud.
 You destroy the fog cloud!
 The pony kicks!
 The pony bites!
 Your armor is rather cumbersome...
 You miss the pony.
 The pony kicks!
 The pony bites!
 Your armor is rather cumbersome...
 You miss the pony.
 Your armor is rather cumbersome...
 You miss the pony.
 The pony kicks!
 The pony bites!
 The pony kicks!
 You die...
 Do you want your possessions identified? [ynq] (y) y
 Do you want to see your attributes? [ynq] (y) y
 Do you want an account of creatures vanquished? [ynaq] (y) y
 Do you want to see your conduct and achievements? [ynq] (y) y
 Do you want to see the dungeon overview? [ynq] (y) y

Inventory:
 Coins    ('$')
  $ - 72 gold pieces
 Weapons  (')')
  l - a +0 orcish dagger
 Armor    ('[')
  a - an uncursed +2 pair of leather gloves (being worn)
  x - an uncursed +0 studded leather armor (being worn)
 Comestibles  ('%')
  o - 2 uncursed slime molds
  f - 5 uncursed apples
  e - 4 uncursed food rations
  n - a cursed food ration
  h - 3 uncursed fortune cookies
  g - 7 uncursed oranges
  u - an uncursed pancake
 Scrolls  ('?')
  t - 2 uncursed scrolls of blank paper
  p - a blessed scroll of enchant weapon
  m - an uncursed scroll of enchant weapon
  c - an uncursed scroll of food detection
 Spellbooks  ('+')
  i - a blessed spellbook of healing
 Potions  ('!')
  q - an uncursed potion of fruit juice
  d - 3 uncursed potions of healing
  y - a cursed potion of healing
  w - an uncursed potion of invisibility
  k - an uncursed potion of sickness
 Tools    ('(')
  r - an uncursed tin opener

31245981910 the Monk's attributes:

Background:
 You were a Novice, a level 4 female human Monk.
 You were chaotic, nominally on a mission for Huan Ti
 who was opposed by Shan Lai Ching (lawful) and Chih Sung-tzu (neutral).
 You were right-handed.
 You were in the Dungeons of Doom, on level 5.
 You entered the dungeon 1937 turns ago.
 You had 110 experience points, 50 more were needed to attain level 5.

Basics:
 You had 0 out of 29 hit points.
 You had all 27 energy points (spell power).
 Your armor class was 4.
 Your wallet contained 72 zorkmids.
 Autopickup was off.

Final Characteristics:
 Your strength was 12 (limit:18/100).
 Your dexterity was 12 (limit:18).
 Your constitution was 12 (limit:18).
 Your intelligence was 12 (limit:18).
 Your wisdom was 16 (limit:18).
 Your charisma was 9 (limit:18).

Final Status:
 You weren't hungry.
 You were unencumbered.
 You were empty handed.
 You had basic skill with martial arts.
 You had a huge penalty to hit (-20) due to your suit.

Final Attributes:
 You were devoutly aligned.
 You were sleep resistant.
 You were poison resistant.
 You saw invisible.
 You were warded.
 You were fast.
 You are dead.

Miscellaneous:
 You didn't encounter any bones levels.
 Total elapsed playing time was 19 minutes and 5 seconds.

Major events:
 Turn
    1: 31245981910 the chaotic female human Monk entered the dungeon
  930: entered the Gnomish Mines
 1135: attained the rank of Novice (level 3)
 1937: killed by a pony

Spells:
 Name                 Level Category     Fail Retention
 healing                1   healing        6%  91%-100%

Skills:
 Fighting Skills
   martial arts       [Basic]
 Weapon Skills
   quarterstaff       [Unskilled]
   spear              [Unskilled]
   crossbow           [Unskilled]
   shuriken           [Unskilled]
 Spellcasting Skills
   attack spells      [Unskilled]
   healing spells     [Basic]
   divination spells  [Unskilled]
   enchantment spells [Unskilled]
   clerical spells    [Unskilled]
   escape spells      [Unskilled]
   matter spells      [Unskilled]

Voluntary challenges:
 Character rerolling was not enabled.
 You were an atheist.
 You never hit with a wielded weapon.
 You were illiterate.
 You never genocided any monsters.
 You never polymorphed an object.
 You never changed form.
 You used no wishes.
Achievements:
 You entered a shop.
 You entered the Gnomish Mines.
 You attained the rank of Novice.

 The Dungeons of Doom: levels 1 to 5
    Level 1:
    Level 2:
       A general store, an altar.
    Level 3:
       An armor shop, some fountains.
       Stairs down to The Gnomish Mines.
    Level 4:
    Level 5: <- You were here.
       An altar, some fountains, a sink.
       Final resting place for
          you, killed by a pony.
 The Gnomish Mines:
    Level 4:


Vanquished creatures:
  a fog cloud
  a shrieker
  2 gnome leaders
  a floating eye
  a monkey
 an iguana
  a hobbit
  a large kobold
  a yellow mold
  a red mold
  3 jackals
  a fox
  a kobold
  a goblin
  2 sewer rats
  3 grid bugs
  a bat
  a lichen
  a kobold zombie
  2 newts
27 creatures vanquished.

No species were genocided or became extinct.

Game over:
                       ----------
                      /          \
                     /    REST    \
                    /      IN      \
                   /     PEACE      \
                  /                  \
                  |   31245981910    |
                  |      72 Au       |
                  | killed by a pony |
                  |                  |
                  |                  |
                  |                  |
                  |       2026       |
                 *|     *  *  *      | *
        _________)/\\_//(\/(/\)/\//\/|_)_______

Goodbye 31245981910 the Monk...

You died in The Dungeons of Doom on dungeon level 5 with 705 points,
and 72 pieces of gold, after 1937 moves.
You were level 4 with a maximum of 29 hit points when you died.

